 Dungeon Crawl Stone Soup version 0.23.2 (webtiles) character file.

Game seed: 9309272996310580076

9897 Borgoz the Slicer (level 11, 0/68 HPs)
             Began as a Kobold Gladiator on Apr 9, 2019.
             Was a Follower of Ashenzari.
             Slain by Urug
             ... wielding a +1 battleaxe of freezing
              (5 damage)
             ... on level 10 of the Dungeon.
             The game lasted 00:23:27 (11434 turns).

Borgoz the Slicer (Kobold Gladiator)               Turns: 11434, Time: 00:23:27

Health: 0/68       AC: 16    Str: 22    XL:     11   Next: 82%
Magic:  14/14      EV: 22    Int:  9    God:    Ashenzari [*.....]
Gold:   658        SH:  0    Dex: 19    Spells: 15/15 levels left

rFire    + . .     SeeInvis +   m - +2 short sword (vamp)
rCold    . . .     Gourm    .   (shield restricted)
rNeg     . . .     Faith    .   x - +3 troll leather armour
rPois    +         Spirit   .   J - +0 helmet {SInv} (curse)
rElec    .         Reflect  .   j - +0 cloak
rCorr    .         Harm     .   H - +0 pair of gloves
MR       .....                  q - +2 pair of boots
Stlth    +++.......             (no amulet)
HPRegen  0.61/turn              v - ring of poison resistance (curse)
MPRegen  0.14/turn              h - ring "Jecamaic" {rF+ Str+4}

@: mighty
A: small, carnivore
a: Curse Item, Scrying, Renounce Religion


You were on level 10 of the Dungeon.
You worshipped Ashenzari.
Ashenzari was aware of your devotion.
You were completely stuffed.

You visited 2 branches of the dungeon, and saw 11 of its levels.
You also visited: Sewer.

You collected 789 gold pieces.
You spent 131 gold pieces at shops.

Inventory:

Hand Weapons
 a - a +2 rapier
 d - a +0 hand crossbow
 i - a +2 dagger of draining
 m - a +2 vampiric short sword (weapon)
 y - the +8 falchion "Fomax" {freeze, rPois rF+}
   (You found it on level 6 of the Dungeon)

   It has been specially enchanted to freeze those struck by it, causing extra
   injury to most foes and up to half again as much damage against particularly
   susceptible opponents.
   It can also slow down cold-blooded creatures.
   It protects you from fire.
   It protects you from poison.
 I - the cursed +2 scimitar "Aryrch" {protect, rF+ rC+ Int+2 Stlth-}
   (You found it on level 10 of the Dungeon)

   It protects the one who uses it against injury (+AC on strike).
   It affects your intelligence (+2).
   It protects you from fire.
   It protects you from cold.
   It makes you less stealthy.
   It has a curse placed upon it.
Missiles
 k - 154 bolts
 n - 4 tomahawks (quivered)
 o - 4 steel tomahawks
Armour
 j - a +0 cloak (worn)
 q - a +2 pair of boots (worn)
 x - a +3 troll leather armour (worn)
 H - a +0 pair of gloves (worn)
 J - a cursed +0 helmet of see invisible (worn)
Jewellery
 h - the ring "Jecamaic" (right hand) {rF+ Str+4}
   (You found it on level 10 of the Dungeon)

   [ring of protection from fire]

   It affects your strength (+4).
   It protects you from fire.
 v - a cursed ring of poison resistance (left hand)
 z - a +1 ring of protection
Wands
 t - a wand of random effects (44)
 B - a wand of scattershot (2)
 C - a wand of iceblast (5)
 D - a wand of paralysis (3)
 E - a wand of flame (22)
Scrolls
 l - 7 scrolls of teleportation
 s - 3 scrolls of remove curse
 u - a scroll of amnesia
 w - 7 scrolls of identify
 G - a scroll of holy word
Potions
 b - a potion of mutation
 g - 3 potions of lignification
 p - 3 potions of flight
 r - 2 potions of resistance
Comestibles
 f - 14 rations
 F - 12 chunks of flesh


   Skills:
 + Level 8.1 Fighting
 + Level 10.4 Short Blades
 - Level 5.0 Throwing
 * Level 8.4 Armour
 + Level 9.5 Dodging
 - Level 5.1 Stealth
 + Level 2.6 Spellcasting
 - Level 5.0 Evocations


You had 15 spell levels left.
You didn't know any spells.
Your spell library contained the following spells:

 Spells                   Type           Power        Failure   Level  Hunger
 Freeze                   Ice            #...         34%         1    ##.....
 Throw Frost              Conj/Ice       #.....       47%         2    ###....
 Ozocubu's Armour         Chrm/Ice       #.......     71%         3    ####...
 Summon Ice Beast         Ice/Summ       #.......     98%         4    #####..
 Throw Icicle             Conj/Ice       #.......     98%         4    #####..


Dungeon Overview and Level Annotations

Branches:
Dungeon (10/15)            Temple (1/1) D:7            Lair (0/6) D:8
    Orc (0/2) D:10

Altars:
Ashenzari
Cheibriados
Dithmenos
Elyvilon
Fedhas
Gozag
Hepliaklqana
Kikubaaqudgha
Makhleb
Nemelex Xobeh
Okawaru
Qazlal
Ru
Sif Muna
Trog
Uskayaw
Vehumet
Wu Jian
Xom
Yredelemnul
Zin
The Shining One

Shops:
D:9 *   D:10 %

Annotations:
D:10 Urug


Innate Abilities, Weirdness & Mutations

You are small and have problems with some larger weapons.
You are carnivorous and can eat meat at any time.


Message History

Urug throws a javelin.
The javelin hits you.
* * * LOW HITPOINT WARNING * * *
Things that are here:
a javelin; 12 gold pieces You see here 9 gold pieces.
You see here 19 gold pieces.
Okay, then.
Okay, then.
Evoke which item? (* to show all) (? for menu, Esc to quit)
Aiming: Paralyse
Press: ? - help, Shift-Dir - straight line, f - Urug
Aim: Urug, wielding a +1 battleaxe of freezing and wearing a +0 ring mail (severely wounded, chance to defeat MR: 43%) Urug resists with some effort.
Urug hits you but does no damage.
Evoke which item? (* to show all) (? for menu, Esc to quit)
Aiming: Paralyse
Press: ? - help, Shift-Dir - straight line, f/p - Urug
Aim: Urug, wielding a +1 battleaxe of freezing and wearing a +0 ring mail (severely wounded, chance to defeat MR: 43%) Urug resists with some effort.
Urug hits you with a +1 battleaxe of freezing.
You die...

#..######..# #.รท.
..........# #...
..........# #...
.########.# #...
#.#########...
###.............
###...............
#.P.PP............
#@$$$P............
#
#Po$$P..##########
#..###P($$P..#
#.....(.P.P..#
#....#########
#.... #.... #####


You could see Urug.

Vanquished Creatures
  2 two-headed ogres
  A tengu conjurer (D:10)
  3 trolls
  A hornet (D:10)
  3 hippogriffs
  A wyvern (D:10)
  4 yaks (D:10)
  3 hungry ghosts (D:10)
  A water moccasin (D:8)
  3 ice beasts
  An orc warrior (D:8)
  7 ogres
  5 phantoms
  A black bear (D:6)
  A necrophage (D:9)
  2 crocodiles
  4 big kobolds
  7 bullfrogs
  A gnoll sergeant (D:9)
  2 scorpions
  11 killer bees
  10 wights
  A troll zombie (D:10)
  6 howler monkeys
  5 crimson imps
  4 hounds
  5 orc priests
  2 jellies
  A bullfrog skeleton (D:8)
  2 centaur skeletons
  5 orc wizards
  Ijyb (D:4)
  Terence (D:2)
  4 iguanas
  9 worker ants
  2 killer bee zombies
  7 ogre zombies (D:10)
  A hound skeleton (D:10)
  A worker ant zombie (D:8)
  12 gnolls
  16 adders
  2 river rats (Sewer)
  5 shadow imps
  An ooze (D:6)
  An adder skeleton (D:5)
  2 worms
  A dart slug (D:2)
  6 leopard geckos
  31 orcs
  5 ball pythons
  5 giant cockroaches
  8 goblins
  7 hobgoblins
  23 jackals
  7 quokkas
  9 bats
  5 frilled lizards
  A goblin zombie (D:10)
  2 hobgoblin skeletons (D:10)
  2 hobgoblin zombies (D:10)
  26 kobolds
  A leopard gecko skeleton (D:4)
  2 orc skeletons (D:10)
  18 orc zombies (D:10)
  8 rats
337 creatures vanquished.

Vanquished Creatures (others)
  6 toadstools (D:10)
6 creatures vanquished.

Grand Total: 343 creatures vanquished

Notes
Turn   | Place    | Note
-------+----------+-------------------------------------------
     0 | D:1      | Borgoz the Kobold Gladiator began the quest for the Orb.
     0 | D:1      | Reached XP level 1. HP: 12/12 MP: 1/1
   166 | D:1      | Reached XP level 2. HP: 9/17 MP: 2/2
   390 | D:1      | Reached skill level 1 in Stealth
   596 | D:1      | Reached XP level 3. HP: 21/22 MP: 3/3
   650 | D:1      | Reached skill level 1 in Armour
  1288 | D:2      | Noticed Terence
  1307 | D:2      | Killed Terence
  1307 | D:2      | Reached XP level 4. HP: 19/27 MP: 4/4
  1748 | D:2      | Reached XP level 5. HP: 32/32 MP: 5/5
  2842 | D:4      | Reached skill level 5 in Short Blades
  2842 | D:4      | Reached XP level 6. HP: 37/37 MP: 6/6
  2876 | D:4      | Noticed an ogre
  2877 | D:4      | Noticed a phantom
  3167 | D:4      | Noticed an ogre
  3176 | D:4      | Killed an ogre
  3176 | D:4      | Reached XP level 7. HP: 41/41 MP: 7/7
  3182 | D:4      | Found a blossoming altar of Fedhas.
  3183 | D:4      | Found an ancient bone altar of Kikubaaqudgha.
  3279 | D:4      | Reached skill level 1 in Evocations
  3295 | D:4      | Reached skill level 5 in Dodging
  3453 | D:4      | HP: 2/42 [phantom (5)]
  3526 | D:4      | Reached skill level 6 in Short Blades
  3564 | D:4      | Noticed Ijyb
  3588 | D:4      | Killed Ijyb
  3726 | D:4      | Reached XP level 8. HP: 48/48 MP: 9/9
  4254 | D:5      | Entered Level 5 of the Dungeon
  4280 | D:5      | Found a glowing drain.
  4356 | D:5      | Reached skill level 5 in Stealth
  4475 | Sewer    | Entered a sewer
  4606 | Sewer    | Found a white marble altar of Elyvilon.
  5243 | D:5      | Noticed a troll
  5260 | D:5      | Killed a troll
  5260 | D:5      | Reached XP level 9. HP: 23/53 MP: 11/11
  5609 | D:6      | Reached skill level 5 in Fighting
  5609 | D:6      | Reached skill level 7 in Short Blades
  5722 | D:6      | Found a glowing silver altar of Zin.
  5849 | D:6      | Found a sacrificial altar of Ru.
  5898 | D:6      | Found an ornate altar of the Wu Jian Council.
  6085 | D:6      | Got a crude falchion
  6197 | D:6      | Reached skill level 5 in Armour
  6605 | D:7      | Found a staircase to the Ecumenical Temple.
  6612 | Temple   | Entered the Ecumenical Temple
  6747 | Temple   | Became a worshipper of Ashenzari the Shackled
  7366 | D:7      | Reached skill level 5 in Evocations
  7366 | D:7      | Reached XP level 10. HP: 60/60 MP: 13/13
  7872 | D:8      | Reached skill level 8 in Short Blades
  8095 | D:8      | Found a shimmering altar of Xom.
  8099 | D:8      | Found a sacrificial altar of Ru.
  8099 | D:8      | Found a snail-covered altar of Cheibriados.
  8179 | D:8      | Reached skill level 5 in Throwing
  8322 | D:8      | Found a staircase to the Lair.
  8380 | D:8      | Noticed a two-headed ogre
  8406 | D:8      | Killed a two-headed ogre
  8605 | D:8      | Found a glowing golden altar of the Shining One.
  9021 | D:8      | Reached skill level 9 in Short Blades
  9453 | D:9      | Found Tymap's Assorted Antiques.
  9459 | D:9      | Bought a purple potion for 17 gold pieces
  9459 | D:9      | Bought a scroll of identify for 38 gold pieces
  9469 | D:9      | Bought a silver wand for 76 gold pieces
  9559 | D:9      | Reached XP level 11. HP: 67/67 MP: 14/14
  9621 | D:9      | Noticed a two-headed ogre
  9671 | D:9      | Killed a two-headed ogre
  9933 | D:9      | Reached skill level 1 in Spellcasting
 10151 | D:10     | Entered Level 10 of the Dungeon
 10156 | D:10     | Found a staircase to the Orcish Mines.
 10326 | D:10     | Reached skill level 10 in Short Blades
 10808 | D:10     | Found Bihasino's Food Emporium.
 11140 | D:10     | Identified the ring "Jecamaic" {rF+ Str+4}
 11214 | D:10     | Got the cursed scimitar "Aryrch" {protect, rF+ rC+ Int+2
                  | Stlth-}
 11325 | D:10     | Reached * piety under Ashenzari
 11395 | D:10     | Noticed Urug
 11426 | D:10     | HP: 3/68 [Urug/+1 battleaxe of freezing (5)]
 11428 | D:10     | HP: 1/68 [Urug/javelin (3)]
 11434 | D:10     | Slain by Urug

Skill      XL: |  1  2  3  4  5  6  7  8  9 10 11 |
---------------+----------------------------------+-----
Stealth        | 1 2 3 4 5 |  5.1
Armour         | 1 2 3 4 5 7 8 |  8.4
Dodging        | 4 5 6 7 8 9 |  9.5
Fighting       | 3 4 5 7 8 |  8.1
Short Blades   | 5 6 7 9 10 | 10.4
Evocations     | 2 3 5 |  5.0
Throwing       | 3 4 5 |  5.0
Spellcasting   | 2 |  2.6

Action                   |  1- 3 |  4- 6 |  7- 9 | 10-12 || total
-------------------------+-------+-------+-------+-------++-------
Melee: Rapier            |    25 |       |       |       ||    25
       Dagger            |    70 |   165 |   822 |    10 ||  1067
       Short sword       |       |       |       |  1209 ||  1209
Throw: Throwing net      |     2 |     2 |     7 |     4 ||    15
Invok: Curse Item        |       |       |       |     2 ||     2
Evoke: Wand              |       |       |     9 |     4 ||    13
  Use: Potion            |       |     4 |     8 |     8 ||    20
       Scroll            |       |     6 |    11 |     3 ||    20
 Stab: Sleeping          |     1 |     6 |     9 |    20 ||    36
       Held in net/web   |       |     1 |     6 |     2 ||     9
       Distracted        |       |       |     2 |     1 ||     3
       Paralysed         |       |       |     1 |       ||     1
  Eat: Chunk             |     9 |     6 |    15 |    30 ||    60
Armor: Leather armour    |    13 |    23 |    60 |       ||    96
       Skin              |       |    15 |       |       ||    15
       Troll leather arm |       |       |    65 |   219 ||   284
Dodge: Dodged            |    55 |   108 |   490 |   949 ||  1602
